 Dungeon Crawl Stone Soup version 0.19-a0-683-g5f2401d (webtiles) character file.

2763 Stormphoenix the Cleaver (level 10, 0/70 HPs)
             Began as a Formicid Fighter on June 17, 2016.
             Was a Priest of Okawaru.
             Succumbed to a gnoll's poison
             ... on level 7 of the Dungeon.
             The game lasted 00:15:49 (6556 turns).

Stormphoenix the Cleaver (Formicid Fighter)         Turns: 6556, Time: 00:15:50

Health: 0/70       AC: 10    Str: 25    XL:     10   Next: 1%
Magic:  10/10      EV:  8    Int:  7    God:    Okawaru [***...]
Gold:   419        SH:  9    Dex: 10    Spells: 0 memorised, 9 levels left

rFire  . . .     SeeInvis +     a - +1 war axe
rCold  . . .     Gourm    .     b - +0 scale mail
rNeg   . . .     Faith    .     c - +0 shield
rPois  .         Spirit   .     (helmet unavailable)
rElec  .         Dismiss  +     x - +0 cloak
rCorr  .         Reflect  .     m - +0 pair of gloves
SustAt .         Harm     .     (no boots)
MR     ++...                    i - amulet of dismissal
Stlth  ..........               (no ring)
                                (no ring)

@: lethally poisoned (0 -> -18), very resistant to hostile enchantments,
extremely unstealthy
A: permanent stasis, dig shafts and tunnels, four strong arms, antennae 3,
molten scales 1, blurry vision 1, magic resistance 1
a: Dig, Shaft Self, Heroism, Renounce Religion


You were on level 7 of the Dungeon.
You worshipped Okawaru.
Okawaru was most pleased with you.
You were not hungry.

You visited 1 branch of the dungeon, and saw 7 of its levels.

You collected 419 gold pieces.

Inventory:

Hand Weapons
 a - a +1 war axe (weapon)
Armour
 b - a +0 scale mail (worn)
 c - a +0 shield (worn)
 k - a cursed +0 large shield
 m - a +0 pair of gloves (worn)
 x - a +0 cloak (worn)
Jewellery
 i - an amulet of dismissal (around neck)
Wands
 w - a wand of iceblast (5/15)
Scrolls
 d - 2 scrolls of identify
 e - 3 scrolls of fog
 l - 3 scrolls of remove curse
 n - a scroll of recharging
 t - a scroll of enchant weapon
 v - 2 scrolls of magic mapping
Potions
 g - 2 potions of invisibility
 r - a potion of magic
Books
 o - a book of Clouds

   Spells                             Type                      Level
   a - Mephitic Cloud                 Conjuration/Poison/Air       3
   b - Conjure Flame                  Conjuration/Fire             3
   c - Poisonous Cloud                Conjuration/Poison/Air       6
   d - Freezing Cloud                 Conjuration/Ice/Air          6
   e - Ring of Flames                 Charms/Fire                  7
 s - a book of Geomancy

   Spells                             Type                      Level
   a - Sandblast                      Earth                        1
   b - Passwall                       Transmutation/Earth          2
   c - Stone Arrow                    Conjuration/Earth            3
   d - Petrify                        Transmutation/Earth          4
   e - Lee's Rapid Deconstruction     Earth                        5
Comestibles
 f - 3 bread rations
 h - 2 meat rations
 p - a slice of pizza
 q - 2 beef jerkies
 u - a royal jelly


   Skills:
 - Level 3.2 Fighting
 + Level 12.7 Axes
 - Level 3.2 Armour
 - Level 3.6 Shields


You had 9 spell levels left.
You didn't know any spells.

Dungeon Overview and Level Annotations

Branches:
Dungeon (7/15)
 Temple: D:4-7

Altars:
Ashenzari
Cheibriados
Elyvilon
Fedhas
Gozag
Hepliaklqana
Kikubaaqudgha
Makhleb
Okawaru
Pakellas
Ru
Trog
Uskayaw
Zin


Innate Abilities, Weirdness & Mutations

You are under a permanent stasis effect.
You can dig through walls and to a lower floor.
Your four strong arms can wield two-handed weapons with a shield.
You have a pair of large antennae on your head. (SInv)
You are partially covered in molten scales. (AC +1)
Scrolls take you a little longer to read.
You are resistant to hostile enchantments. (MR+)


Message History

You feel sick. The gnoll hits you but does no damage.
You block the gnoll's attack.
You barely miss the gnoll.
* * * LOW HITPOINT WARNING * * *
You feel sick. You block the gnoll's attack. x2
You closely miss the gnoll.
* * * LOW HITPOINT WARNING * * *
You feel sick. The gnoll barely misses you.
You slash the gnoll!
The gnoll is severely wounded.
* * * LOW HITPOINT WARNING * * *
You feel sick. You block the gnoll's attack. The gnoll barely misses you.
Okay, then.
Okay, then.
You slash the gnoll!
You kill the gnoll!
Okawaru accepts your kill.
* * * LOW HITPOINT WARNING * * *
You feel sick. The gnoll hits you but does no damage.
You die...

..######### #.........##
#.#######..#######
#.##.............#
#.##.#####.#####.#
#.##.#⌠≈≈#'#≈≈⌠#.#
#.##.#≈≈≈≈≈≈≈≈≈#.#
#.##.#≈≈≈###≈≈≈#.#
#########@##.##≈##.##≈##.#
........#g##..#≈#._.#≈#..#
g......{Fw)..##≈##.##≈##..
......#.#.##.#≈≈≈#≈#≈≈≈#.#
##### #.#.##.#≈≈≈≈≈≈≈≈≈#.#
#.#.##.#⌠≈≈###≈≈⌠#.. {
..#.##.##### #####..
#.....{. ........ #..#####
##......


You could see a giant frog, a worm and a gnoll.

Vanquished Creatures
  The ghost of tstbtto the Cleaver, a novice CeBe of Trog (D:6)
  Grinder (D:3)
  Sigmund (D:2)
  Duvessa (D:7)
  An ice beast (D:6)
  2 sky beasts
  A phantom (D:4)
  An ogre (D:5)
  3 centaurs
  A gnoll sergeant (D:7)
  A giant frog (D:7)
  2 scorpions (D:5)
  Dowan (D:7)
  A howler monkey (D:5)
  3 crimson imps
  A jelly (D:5)
  A giant frog skeleton (D:5)
  2 hounds
  4 orc wizards
  Terence (D:2)
  Natasha (thrice) (D:2)
  5 worker ants
  A hound zombie (D:5)
  A hound skeleton (D:5)
  A worker ant zombie (D:5)
  2 gnolls (D:7)
  A howler monkey zombie (D:6)
  11 adders
  3 adder zombies
  6 worms
  5 dart slugs
  A giant gecko (D:1)
  13 orcs
  A ball python (D:4)
  7 bats
  7 giant cockroaches
  8 goblins
  9 hobgoblins
  15 jackals
  2 quokkas
  5 giant newts
  10 kobolds
  15 rats
162 creatures vanquished.

Vanquished Creatures (others)
  An adder (D:5)
1 creature vanquished.

Grand Total: 163 creatures vanquished

Notes
Turn   | Place    | Note
--------------------------------------------------------------
     0 | D:1      | Stormphoenix the Formicid Fighter began the quest for the Orb.
     0 | D:1      | Reached XP level 1. HP: 18/18 MP: 1/1
    45 | D:1      | Reached XP level 2. HP: 22/24 MP: 2/2
   172 | D:1      | Reached skill level 3 in Axes
   376 | D:1      | Reached XP level 3. HP: 24/29 MP: 3/3
   691 | D:2      | Noticed Natasha
   699 | D:2      | Killed Natasha
   699 | D:2      | Reached skill level 4 in Axes
   699 | D:2      | Reached XP level 4. HP: 23/35 MP: 4/4
   879 | D:2      | Found a faded altar of an unknown god.
  1260 | D:2      | Noticed Terence
  1311 | D:2      | Killed Terence
  1311 | D:2      | Reached skill level 5 in Axes
  1311 | D:2      | Reached XP level 5. HP: 31/41 MP: 5/5
  1363 | D:2      | Found a white marble altar of Elyvilon.
  1371 | D:2      | Noticed Natasha
  1382 | D:2      | Killed Natasha
  1432 | D:2      | Noticed Natasha
  1434 | D:2      | Noticed Sigmund
  1589 | D:3      | Found a sacrificial altar of Ru.
  1682 | D:3      | Noticed Grinder
  1719 | D:3      | Gained mutation: You are partially covered in molten scales. (AC +1) [potion of beneficial mutation]
  1759 | D:3      | Killed Grinder
  1759 | D:3      | Reached skill level 6 in Axes
  1759 | D:3      | Reached XP level 6. HP: 17/47 MP: 6/6
  1759 | D:3      | Reached XP level 7. HP: 18/52 MP: 7/7
  1978 | D:3      | Reached skill level 7 in Axes
  2008 | D:3      | Found a burning altar of Makhleb.
  3247 | D:4      | Found an iron altar of Okawaru.
  3256 | D:4      | Became a worshipper of Warmaster Okawaru
  3351 | D:2      | Killed Natasha
  3614 | D:2      | Killed Sigmund
  3614 | D:2      | Reached skill level 8 in Axes
  3614 | D:2      | Reached XP level 8. HP: 42/58 MP: 8/8
  3645 | D:2      | Gained mutation: You are resistant to hostile enchantments. (MR+) [potion of mutation]
  3645 | D:2      | Gained mutation: Scrolls take you a little longer to read. [potion of mutation]
  3955 | D:4      | Reached skill level 9 in Axes
  3965 | D:5      | Entered Level 5 of the Dungeon
  4159 | D:5      | Found a glowing silver altar of Zin.
  4218 | D:5      | Reached * piety under Okawaru
  4293 | D:5      | Reached skill level 10 in Axes
  4810 | D:5      | Reached XP level 9. HP: 64/64 MP: 9/9
  5007 | D:5      | Found a sacrificial altar of Ru.
  5288 | D:6      | Noticed tstbtto's ghost (novice CeBe)
  5530 | D:6      | Reached skill level 11 in Axes
  5779 | D:6      | Found a hide-covered altar of Uskayaw.
  5782 | D:6      | Noticed a dagger
  5783 | D:6      | Noticed a dagger
  5793 | D:6      | Found a hazy altar of Hepliaklqana.
  5795 | D:6      | Found an oddly glowing altar of Pakellas.
  5795 | D:6      | Found a shattered altar of Ashenzari.
  5795 | D:6      | Found an ancient bone altar of Kikubaaqudgha.
  5795 | D:6      | Found a bloodstained altar of Trog.
  5798 | D:6      | Found a blossoming altar of Fedhas.
  5798 | D:6      | Found an opulent altar of Gozag.
  6057 | D:6      | Reached ** piety under Okawaru
  6077 | D:6      | Killed tstbtto's ghost
  6077 | D:6      | Reached skill level 12 in Axes
  6354 | D:7      | Noticed Duvessa
  6355 | D:7      | Noticed Dowan
  6369 | D:7      | Killed Dowan
  6446 | D:7      | Found a snail-covered altar of Cheibriados.
  6514 | D:7      | Killed Duvessa
  6548 | D:7      | Reached *** piety under Okawaru
  6548 | D:7      | Reached XP level 10. HP: 17/70 MP: 10/10
  6554 | D:7      | HP: 2/70 [poisoned by a gnoll]
  6556 | D:7      | Succumbed to a gnoll's poison

Vault maps used:
D:1:      elethiomel_arrival_shortcut, serial_bayou_pond_c, minivault_27
D:2:      elyvilon_altar_3, first_bread, ecumenical_altar_2, st_stairs_9,
          minmay_box_of_dots, uniq_sigmund, uniq_terence, uniq_natasha
D:3:      bloody_makhleb, lemuel_doored_altar, uniq_grinder
D:4:      kennysheep_okawaru_gauntlet, minmay_misc_feat_square, hex_intersection
D:5:      zin_academy, basic_altar, minivault_1, lemuel_old_faithful
D:6:      grunt_temple_overflow_open, dancing_weapons_uskayaw
D:7:      cheibrodos_worm_habitat, lemuel_coloured_pillars_altar,
          temple_statues, dk_noncrumbling_4, grunt_qazlal_clouds, uniq_duvessa

Skill      XL: |  1  2  3  4  5  6  7  8  9 |
---------------+----------------------------+-----
Axes           | 3 4 5 6 8 10 12 | 12.7
Fighting       | |  3.2
Armour         | |  3.2
Shields        | |  3.6

Action                   |  1- 3 |  4- 6 |  7- 9 | 10-12 || total
-------------------------+-------+-------+-------+-------++-------
Melee: War axe           |    79 |   122 |   431 |     4 ||   636
Invok: Heroism           |       |       |     1 |       ||     1
Evoke: Wand              |       |       |     3 |       ||     3
  Use: Scroll            |     3 |       |    12 |       ||    15
       Potion            |     2 |     3 |     6 |       ||    11
  Eat: Chunk             |       |     3 |     7 |       ||    10
       Bread ration      |       |       |     2 |       ||     2
Armor: Scale mail        |    42 |    45 |   145 |     3 ||   235
Dodge: Dodged            |    28 |    37 |   138 |     2 ||   205
Block: Shield            |    48 |    76 |   225 |     4 ||   353
